Map: Submarine LE

Players

LiquidTLO (TLO)

  • Race: Zerg Zerg
  • League: Master
  • Spawn Location: 5:00

MaSa - Winner!

  • Race: Terran Terran
  • Spawn Location: 11:00

Event: DreamHack SC2 Masters 2020 Summer North America

VOD

Have the link to the VOD?

Description

Time

  • Played on: July 1, 2020, 4:02 p.m.
  • Length: 9:33

All games in this series

Show
View Real Time Build Order
Export as new Build Order

LiquidTLO Zerg 

Build Orders: Pool First 

Get SALT Encoding   

  12  0:17  Spawning Pool  
  11  0:21  Drone  
  11  0:26  Drone  
  13  0:30  Drone  
  14  0:40  Overlord  
  15  1:04  Zergling x2  
  15  1:05  Zergling x2  
  15  1:10  Hatchery  
  15  1:13  Zergling x2  
  16  1:24  Queen  
  18  1:33  Overlord  
  18  1:38  Drone  
  19  1:47  Drone  
  19  1:49  Overlord  
  20  1:59  Drone  
  21  2:04  Queen  
  22  2:12  Drone  
  22  2:22  Queen  
  21  2:24  Drone, Extractor  
  23  2:33  Spine Crawler  
  23  2:34  Zergling x2  
  23  2:37  Drone  
  23  2:43  Drone  
  25  2:44  Drone  
  26  2:56  Roach Warren  
  25  2:59  Drone  
  25  3:04  Drone  
  27  3:07  Drone  
  27  3:12  Drone  
  29  3:15  Extractor  
  28  3:20  Drone  
  28  3:22  Drone  
  28  3:23  Drone  
  29  3:38  Roach x3  
  33  3:41  Roach  
  35  3:49  Roach  
  35  3:55  Roach  
  36  4:09  Roach x3  
  42  4:19  Overlord  
  42  4:25  Ravager x2  
  44  4:37  Overlord  
  45  4:38  Ravager  
  45  4:39  Drone x2  
  45  4:45  Drone  
  48  4:50  Drone x3  
  51  4:55  Ravager  
  51  4:59  Drone  
  54  5:00  Drone  
  54  5:05  Ravager  
  55  5:10  Overlord  
  55  5:18  Overlord  
  55  5:26  Overlord  
  55  5:28  Overlord  
  55  5:29  Drone x2  
  55  5:31  Drone  
  56  5:36  Drone x2  
  56  5:45  Drone  
  56  5:46  Drone  
  56  5:48  Roach  
  56  5:49  Drone  
  61  5:56  Drone  
  59  5:57  Roach  
  59  5:58  Roach  
  59  6:00  Roach  
  61  6:13  Hatchery  
  61  6:15  Drone x2  
  62  6:19  Lair  
  62  6:24  Drone  
  63  6:26  Drone  
  64  6:33  Drone  
  64  6:35  Evolution Chamber x2  
  63  6:46  Drone  
  63  6:49  Evolution Chamber, Drone  
  63  6:50  Evolution Chamber, Drone x2  
  63  6:51  Hatchery  
  63  6:52  Drone  
  63  6:53  Drone  
  63  6:55  Drone  
  63  6:56  Drone  
  65  7:04  Zerg Missile Weapons Level 1, Zerg Ground Armor Level 1  
  65  7:05  Roach  
  65  7:07  Roach  
  69  7:13  Drone  
  69  7:15  Overlord, Extractor  
  71  7:16  Roach, Extractor  
  71  7:19  Glial Reconstitution  
  71  7:24  Overlord  
  71  7:25  Roach  
  71  7:29  Overlord  
  73  7:32  Overlord  
  73  7:37  Overlord  
  73  7:42  Roach  
  71  7:44  Roach, Overlord  
  71  7:48  Roach  
  71  7:51  Roach  
  75  7:52  Ravager  
  75  7:56  Roach  
  78  8:00  Roach  
  78  8:03  Overseer  
  78  8:05  Roach  
  81  8:07  Roach  
  81  8:10  Roach  
  84  8:14  Roach  
  84  8:16  Roach  
  84  8:19  Roach  
  90  8:23  Ravager  
  90  8:24  Roach  
  90  8:26  Roach  
  95  8:27  Overseer  
  95  8:29  Roach  
  95  8:32  Roach  
  99  8:41  Drone, Roach  
  101  8:42  Roach  
  101  8:44  Ravager  
  105  8:49  Overlord  
  105  8:51  Zergling x2  
  105  8:55  Roach  
  103  8:56  Roach  
  103  8:57  Overlord  
  103  9:01  Roach  
  103  9:04  Roach  
  103  9:08  Roach, Zergling x2  
  94  9:11  Roach  
  94  9:14  Roach  
Show
View Real Time Build Order
Export as new Build Order

MaSa Terran - Winner!

Build Orders:  

Get SALT Encoding   

  12  0:00  SCV  
  13  0:12  SCV  
  14  0:17  Supply Depot  
  14  0:24  SCV  
  15  0:39  SCV  
  15  0:40  Barracks  
  16  0:44  Refinery  
  16  0:51  SCV  
  17  0:58  Barracks  
  17  1:03  SCV  
  18  1:15  SCV  
  19  1:27  Orbital Command, Reaper  
  20  1:34  Barracks  
  20  1:41  Refinery  
  21  1:51  Supply Depot  
  21  1:55  SCV  
  22  2:03  Reaper  
  22  2:07  Reaper  
  22  2:08  SCV  
  23  2:22  Supply Depot  
  23  2:29  Supply Depot  
  23  2:44  Reaper x2, SCV  
  26  2:46  Reaper  
  27  2:53  Command Center  
  27  2:56  SCV  
  28  3:08  SCV  
  29  3:16  Reaper x2  
  29  3:19  Reaper  
  32  3:20  SCV  
  33  3:32  SCV  
  34  3:46  Supply Depot  
  34  3:48  Reaper x2  
  36  3:53  SCV  
  36  3:55  Reaper  
  38  3:56  Command Center  
  36  4:08  Factory, SCV  
  37  4:19  Orbital Command  
  37  4:20  Marine x2  
  37  4:21  SCV  
  40  4:33  SCV  
  40  4:36  Marine  
  42  4:45  SCV x2  
  44  4:48  Marine x2  
  46  4:57  SCV x2  
  46  4:59  Factory Tech Lab  
  48  5:00  Starport  
  48  5:06  Refinery  
  48  5:08  Marine  
  48  5:09  SCV x2  
  48  5:10  Orbital Command, Barracks Tech Lab  
  50  5:21  SCV x2  
  50  5:26  Siege Tank, Marine  
  56  5:29  Marine  
  56  5:33  SCV  
  57  5:39  Marine, SCV  
  59  5:42  Starport Tech Lab  
  59  5:43  Stimpack  
  59  5:45  SCV  
  59  5:47  SCV  
  59  5:49  Marine  
  61  5:54  Marine  
  61  5:57  Marine, SCV  
  61  6:00  Siege Tank, Supply Depot  
  61  6:01  Supply Depot  
  65  6:07  Engineering Bay  
  65  6:08  Engineering Bay  
  65  6:21  Starport Reactor  
  65  6:22  Marine, SCV x3  
  65  6:23  Barracks x2  
  69  6:34  SCV x3  
  69  6:37  Terran Infantry Weapons Level 1  
  69  6:38  Terran Infantry Armor Level 1  
  69  6:39  Refinery  
  70  6:40  Supply Depot  
  70  6:41  Marauder x2  
  70  6:42  Barracks Reactor  
  70  6:46  SCV  
  75  6:51  SCV  
  75  6:53  Combat Shield, Siege Tank  
  77  6:57  Supply Depot  
  77  7:02  Supply Depot, SCV, Medivac  
  77  7:04  Orbital Command  
  80  7:12  Barracks Reactor  
  80  7:13  Marauder, Barracks Reactor  
  80  7:14  SCV x2  
  84  7:20  Marine x2  
  84  7:21  Supply Depot x2  
  86  7:27  SCV  
  86  7:29  SCV  
  88  7:31  SCV  
  88  7:34  Supply Depot  
  88  7:35  Armory  
  88  7:36  Marauder x2  
  93  7:38  Marine  
  93  7:44  SCV x3  
  91  7:47  Marine  
  91  7:48  Siege Tank  
  95  7:52  Refinery  
  95  7:55  Marine  
  95  7:56  SCV x2  
  95  7:57  Medivac  
  95  7:58  Marauder x2, Marine  
  105  7:59  Supply Depot  
  105  8:05  Marine x2  
  107  8:09  Marine, SCV  
  107  8:12  Concussive Shells  
  108  8:13  SCV  
  108  8:14  SCV  
  108  8:19  Marauder x2, Supply Depot x2  
  114  8:21  Medivac  
  114  8:23  Marine  
  114  8:26  SCV  
  118  8:29  Siege Tank, Supply Depot  
  121  8:38  Marine x4  
  121  8:39  Marine  
  121  8:40  Marauder x2  
  126  8:42  SCV x2  
  126  8:46  Refinery  
  126  8:47  Supply Depot  
  128  8:49  Supply Depot, Marine  
  128  8:53  SCV  
  128  8:55  SCV  
  128  8:57  Marine  
  128  8:58  Marine  
  128  9:02  Marauder x2  
  126  9:04  Marine  
  127  9:10  SCV x2  
  127  9:12  Supply Depot  
  127  9:13  Refinery  
  125  9:19  SCV  
Tags
 
Add a new tag
Caveats
  • Supply blocks, unpowered buildings, or Contaminate may cause inaccurate times.
  • Supply counts are checked every 10 seconds.